 Dungeon Crawl Stone Soup version 0.28.0-49-g6dfe1f597d (webtiles) character file.

Game seed: 981008494704784977

133 Zeld the Conjurer (level 4, 0/37 HPs)
             Began as a Draconian Conjurer on May 16, 2022.
             Succumbed to an orc's poison
             ... on level 2 of the Dungeon.
             The game lasted 00:07:02 (3697 turns).

Zeld the Conjurer (Draconian Conjurer)              Turns: 3697, Time: 00:07:03

Health: 0/37       AC:  5    Str:  9    XL:     4   Next: 93%
Magic:  2/7        EV: 12    Int: 20    God:
Gold:   117        SH:  0    Dex: 10    Spells: 5/8 levels left

rFire   . . .      SeeInvis .   (no weapon)
rCold   . . .      Faith    .   (no shield)
rNeg    . . .      Spirit   .   (armour unavailable)
rPois   .          Reflect  .   (helmet restricted)
rElec   .          Harm     .   (no cloak)
rCorr   .          Rampage  .   (no gloves)
Will    .....                   (no boots)
Stlth   ++........              (no amulet)
HPRegen 0.12/turn               (no ring)
MPRegen 0.10/turn               (no ring)

@: lethally poisoned (0 -> -1)
A: AC +5, unfitting armour, cold-blooded
a: no special abilities


You were on level 2 of the Dungeon.
You visited 1 branch of the dungeon, and saw 3 of its levels.

You collected 117 gold pieces.

Inventory:

Jewellery
 i - a ring of protection from cold
 j - a ring of poison resistance
Scrolls
 a - 3 scrolls of identify {unknown}
 b - a scroll of teleportation {unknown}
 g - a scroll of noise {unknown}
Potions
 c - a potion of haste {unknown}
 d - 2 potions of curing {unknown}
 e - a potion of resistance {unknown}
 f - a potion of mutation {unknown}
 h - a potion of attraction {unknown}


   Skills:
 * Level 2.3 Fighting
 + Level 2.2 Dodging
 + Level 2.4 Stealth
 * Level 2.6 Spellcasting
 * Level 4.8 Conjurations


You had 5 spell levels left.
You knew the following spells:

 Your Spells              Type           Power      Damage    Failure   Level
a - Magic Dart            Conj           84%        1d7       1%          1
b - Searing Ray           Conj           42%        2d6       3%          2

Your spell library contained the following spells:

 Spells                   Type           Power      Damage    Failure   Level
 Apportation              Tloc           4%         N/A       16%         1
 Dazzling Flash           Conj/Hex       24%        N/A       17%         3
 Inner Flame              Hex/Fire       2%         N/A       41%         3
 Fulminant Prism          Conj/Hex       6%         3d7       50%         4
 Iskenderun's Mystic Bla  Conj/Tloc      12%        2d5       50%         4
 Cause Fear               Hex            1%         N/A       83%         4
 Alistair's Intoxication  Tmut/Pois      1%         N/A       99%         5
 Discord                  Hex            1%         N/A       100%        8


Dungeon Overview and Level Annotations

Branches:
Dungeon (3/15)

Altars:
Sif Muna


Innate Abilities, Weirdness & Mutations

Your plain brown scales are hard. (AC +5)
You cannot fit into any form of body armour.
You are cold-blooded and may be slowed by cold attacks.


Message History

You feel very sick.
There is a stone staircase leading down here.
You feel very sick. The orc hits you with a +0 flail.
* * * LOW HITPOINT WARNING * * *
You feel very sick.
Casting: Magic Dart (safe; 1% risk of failure)
Confirm with . or Enter, or press ? or * to list all spells.
Aiming: Searing Ray (safe; 3% risk of failure)
Press: ? - help, Shift-Dir - straight line, f - orc
Aim: an orc, wielding a +0 flail and wearing a +0 ring mail (81% to hit)
The searing ray hits the orc.
The orc is severely wounded.
The searing ray hits the orc.
The orc is moderately wounded. (Press . to maintain the ray.)
* * * LOW HITPOINT WARNING * * *
You feel sick. The orc closely misses you.
The searing ray hits the orc.
You kill the orc!
The searing ray hits the orc.
The orc is severely wounded.
You feel sick.
Unknown command.
The searing ray misses the orc.
You feel sick. The orc hits you with a +0 flail.
* * * LOW HITPOINT WARNING * * *
Unknown command.
The searing ray misses the orc.
You finish channelling your searing ray.
* * * LOW HITPOINT WARNING * * *
You feel sick. The orc barely misses you.
Unknown command.
* * * LOW HITPOINT WARNING * * *
You feel sick.
* * * LOW HITPOINT WARNING * * *
You feel sick. The orc misses you.
* * * LOW HITPOINT WARNING * * *
You feel sick.
You die...

####### #.....#
######.###.#
#..[.......#
#######.####.#####
#.(..##.....@.o.#
#....##......##.#
#####....##......##)#
..†.').............>#
#####(..........##.##
###....##....(##.#
#.....)##....###.#
#......'..#..#
#.######
#......##.#..#
#......#


You could see an orc.

Vanquished Creatures
  An orc wizard (D:3)
  2 adders (D:3)
  2 worms (D:2)
  3 dart slugs
  3 orcs
  4 bats
  3 endoplasms
  2 giant cockroaches
  2 goblins
  10 hobgoblins
  15 jackals
  4 kobolds
  A quokka (D:2)
  6 ball pythons
  A frilled lizard (D:1)
  8 rats
67 creatures vanquished.

Vanquished Creatures (others)
  A fungus (D:1)
  A plant (D:1)
2 creatures vanquished.

Grand Total: 69 creatures vanquished

Notes
Turn   | Place    | Note
-------+----------+-------------------------------------------
     0 | D:1      | Zeld the Draconian Conjurer began the quest for the Orb.
     0 | D:1      | Reached XP level 1. HP: 14/14 MP: 3/3
   452 | D:1      | Reached XP level 2. HP: 19/22 MP: 1/5
   755 | D:1      | Found a faded altar of an unknown god.
   817 | D:1      | Reached skill level 1 in Fighting
  1339 | D:2      | Reached XP level 3. HP: 15/28 MP: 0/6
  1342 | D:2      | Learned a level 2 spell: Searing Ray
  2999 | D:3      | Noticed a necrophage
  3052 | D:3      | Identified the +2 leather armour of Duifuy {rC- rN++}
  3083 | D:3      | Reached XP level 4. HP: 36/36 MP: 3/7
  3450 | D:3      | Found a shimmering blue altar of Sif Muna.
  3696 | D:2      | HP: 1/37 [poisoned by an orc]
  3697 | D:2      | Succumbed to an orc's poison

Illustrated notes

Levels and vault maps discovered:
D:1:      arrival_zaba_pyramid, layout_basic, shapermc_ecumenical_altar_ellora
D:2:      layout_basic, minmay_diced_spiral
D:3:      layout_basic, nicolae_sif_muna_condensation,
          cheibrodos_sewer_entry_drain, hex_large, minmay_misc_feat_chi

Skill      XL: |  1  2  3 |
---------------+----------+-----
Fighting       | 1 2 |  2.3
Stealth        | 2 |  2.4
Dodging        | 2 |  2.2
Spellcasting   | |  2.6
Conjurations   | |  4.8

Action                   |  1- 3 |  4- 6 || total
-------------------------+-------+-------++-------
Melee: Unarmed           |    76 |    26 ||   102
       Tailslap          |     8 |     5 ||    13
       Punch             |     1 |       ||     1
 Cast: Magic Dart        |    77 |    24 ||   101
       Searing Ray       |     5 |     4 ||     9
Armor: Skin              |    44 |    22 ||    66
Dodge: Dodged            |   110 |    59 ||   169
